 Dungeon Crawl Stone Soup version 0.30-a0-702-gdf48620a09 (webtiles) character file.

Game seed: 15523715594240948165

5611 Crownlay the Artisan of Death (level 10, -1/71 HPs)
             Began as a Demonspawn Necromancer on Jan 21, 2023.
             Was a Priest of Kikubaaqudgha.
             Slain by a troll (5 damage)
             ... on level 9 of the Dungeon.
             The game lasted 00:41:40 (10148 turns).

Crownlay the Artisan of Death (DsNe)               Turns: 10148, Time: 00:41:41

Health: -1/71      AC:  8    Str: 10    XL:     10   Next: 45%
Magic:  6/19       EV: 12    Int: 26    God:    Kikubaaqudgha [***...]
Gold:   155        SH:  0    Dex: 13    Spells: 4/21 levels left

rFire   . . .      SeeInvis +    K - +2 trident
rCold   + . .      Faith    .    (no shield)
rNeg    . . .      Spirit   .    I - +2 robe {rC+}
rPois   .          Reflect  .    (helmet unavailable)
rElec   .          Harm     .    H - +0 cloak
rCorr   .          Rampage  .    (no gloves)
Will    .....                    (no boots)
Stlth   ++                       (no amulet)
HPRegen 0.31/turn                F - ring of see invisible
MPRegen 0.16/turn                A - +6 ring of intelligence

@: animating dead
A: horns 3, slimy green scales 2, spiny 2
a: Renounce Religion, Unearth Wretches


You were on level 9 of the Dungeon.
You worshipped Kikubaaqudgha.
Kikubaaqudgha was most pleased with you.
You visited 1 branch of the dungeon, and saw 9 of its levels.
You also visited: Sewer and Ossuary.

You collected 728 gold pieces.
You spent 573 gold pieces at shops.

Inventory:

Hand Weapons
 K - a +2 trident (weapon)
Armour
 H - a +0 cloak (worn)
 I - a +2 robe of cold resistance (worn)
Jewellery
 o - a ring of ice
 A - a +6 ring of intelligence (right hand)
 F - a ring of see invisible (left hand)
Wands
 a - a wand of light (12)
 y - a wand of polymorph (13)
Scrolls
 d - 2 scrolls of enchant armour
 f - a scroll of acquirement
 h - 4 scrolls of amnesia
 j - a scroll of poison
 l - 3 scrolls of fog
 n - a scroll of immolation {unknown}
 p - 10 scrolls of teleportation
 q - a scroll of enchant weapon
 r - a scroll of summoning {unknown}
 t - 3 scrolls of blinking
 u - 2 scrolls of magic mapping
Potions
 b - 2 potions of magic
 c - 2 potions of haste
 g - 6 potions of curing
 i - a potion of lignification
 k - 2 potions of brilliance
 m - 2 potions of resistance
 x - 4 potions of might
 z - 3 potions of flight
 B - a potion of mutation
 C - a potion of cancellation
 E - 2 potions of invisibility
 J - a potion of ambrosia
Miscellaneous
 w - a phantom mirror


   Skills:
 - Level 4.0 Fighting
 - Level 1.7 Dodging
 - Level 1.7 Stealth
 - Level 6.0 Spellcasting
 + Level 3.8 Conjurations
 - Level 6.0 Summonings
 * Level 11.9 Necromancy
 - Level 4.0 Transmutations
 + Level 3.0 Earth Magic


You had 4 spell levels left.
You knew the following spells:

 Your Spells              Type           Power      Damage    Failure   Level
a - Necrotise             Necr           100%       1d9       1%          1
b - Sublimation of Blood  Necr           63%        N/A       1%          2
c - Vampiric Draining     Necr           63%        2d10      1%          3
d - Animate Dead          Necr           63%        N/A       1%          4
e - Agony                 Necr           63%        N/A       1%          5
f - Wereblood             Tmut           28%        N/A       1%          2

Your spell library contained the following spells:

 Spells                   Type           Power      Damage    Failure   Level
 Beastly Appendage        Tmut           56%        N/A       1%          1
 Summon Small Mammal      Summ           100%       N/A       1%          1
 Cigotuvi's Dreadful Rot  Necr/Pois/Air  56%        N/A       1%          2
 Call Canine Familiar     Summ           39%        N/A       1%          3
 Foxfire                  Conj/Fire      68%        2x1d7     3%          1
 Shock                    Conj/Air       68%        1d7       3%          1
 Momentum Strike          Conj/Tloc      34%        3d8       4%          2
 Summon Guardian Golem    Hex/Summ       23%        N/A       6%          3
 Anguish                  Hex/Necr       19%        N/A       6%          4
 Spider Form              Tmut/Pois      18%        N/A       9%          3
 Blink                    Tloc           14%        N/A       11%         2
 Lesser Beckoning         Tloc           14%        N/A       11%         2
 Petrify                  Tmut/Erth      26%        N/A       16%         4
 Inner Flame              Hex/Fire       7%         N/A       21%         3
 Swiftness                Air            7%         N/A       21%         3
 Airstrike                Air            3%         2d(1-17)  56%         4
 Cause Fear               Hex            3%         N/A       56%         4
 Death Channel            Necr           31%        N/A       8%          6
 Borgnjor's Vile Clutch   Necr/Erth      23%        N/A       9%          5
 Irradiate                Conj/Tmut      14%        3d16      36%         5
 Iskenderun's Battlesphe  Conj           27%        2d8       36%         5
 Fireball                 Conj/Fire      8%         3d6       65%         5
 Iron Shot                Conj/Erth      12%        9d3       95%         6
 Starburst                Conj/Fire      8%         6d4       99%         6
 Spellforged Servitor     Conj/Summ      16%        N/A       100%        7
 Discord                  Hex            3%         N/A       100%        8


Dungeon Overview and Level Annotations

Branches:
Dungeon (9/15)             Temple (0/1) D:4            Lair (0/5) D:9
  Sewer (visited)         Ossuary (visited)
    Orc: D:9-12

Altars:
Ashenzari
Dithmenos
Hepliaklqana
Kikubaaqudgha
Nemelex Xobeh
Okawaru
Qazlal
Uskayaw
Vehumet

Shops:
D:3 ?   D:4 !   D:6 (

Annotations:
D:6 1 runed translucent door, funkygono's ghost, novice GrFE


Innate Abilities, Weirdness & Mutations

You have a pair of large horns on your head.
You are mostly covered in slimy green scales. (AC +3)
You are mostly covered in sharp spines.


Message History

You barely miss the troll. Your headbutt misses the troll.
The troll is moderately wounded.
The troll bites you! The troll barely misses you.
The troll completely misses you. The troll is struck by your spines.
The troll closely misses you.
The troll claws you but does no damage. x2
You closely miss the troll.
The troll is heavily wounded.
The troll is struck by your spines. The troll closely misses you.
The troll claws you! The troll claws you.
You closely miss the troll.
The troll is heavily wounded.
The troll bites you! The troll closely misses you. x2
Casting: Vampiric Draining (safe; 1% risk of failure)
Confirm with . or Enter, or press ? or * to list all spells.
Aiming: Necrotise (safe; 1% risk of failure)
Press: ? - help, Shift-Dir - straight line, f/p - troll
Aim: a troll (heavily wounded, chance to affect: 83%)
The troll writhes in agony.
The troll is struck by your spines. The troll bites you!
The troll misses you. x2
Casting: Necrotise (safe; 1% risk of failure)
Confirm with . or Enter, or press ? or * to list all spells.
Aiming: Necrotise (safe; 1% risk of failure)
Press: ? - help, Shift-Dir - straight line, f/p - troll
Aim: a troll (severely wounded, chance to affect: 83%)
The troll writhes in agony.
The troll bites you!
* * * LOW HITPOINT WARNING * * *
The troll claws you.
* * * LOW HITPOINT WARNING * * *
The troll claws you but does no damage.
Casting: Necrotise (safe; 1% risk of failure)
Confirm with . or Enter, or press ? or * to list all spells.
Aiming: Vampiric Draining (safe; 1% risk of failure)
Press: ? - help, Shift-Dir - straight line, f/p - troll
Aim: a troll (severely wounded)
You draw life force from the troll!
You feel life coursing into your body! The troll bites you!
* * * LOW HITPOINT WARNING * * *
The troll claws you.
You die...
Kikubaaqudgha rasps: "You have failed me!
Welcome... death!"

.........#.......#.
##.##......#....P..#.
.###..........##.....##.
......##......###...###.
.......#.........#.## ##
.......#.........#.#
.......#.........#.#
.......#.........#)# .
#....T@)....)(.).)###..
######.#......†.....)..
#....))......###..
#..........†....# .
......).)####.###.#
.......).. ...# .#
.........####.# .#
.........# #.. .#
.........# ### .#


You could see a troll.

Vanquished Creatures
  A two-headed ogre (D:9)
  Pikel (D:5)
  Psyche (D:9)
  Sigmund (D:4)
  2 wyverns
  A yak (D:9)
  Eustachio (D:4)
  2 steam dragons
  3 black bears
  An ice beast (D:4)
  2 orc warriors
  2 sky beasts
  2 ogres (D:7)
  Pargi (Sewer)
  4 centaurs
  A bullfrog (D:8)
  A scorpion (D:4)
  2 necrophages
  A wight (D:9)
  4 killer bees
  2 howler monkeys
  2 jellies
  6 orc priests
  Crazy Yiuf (D:2)
  A gnoll bouda (D:6)
  3 hounds
  6 iguanas
  4 orc wizards
  9 mummies
  2 gnolls (D:6)
  6 adders
  A shadow imp (D:6)
  A white imp (D:7)
  2 worms
  2 dart slugs (D:2)
  20 orcs
  7 ball pythons
  2 bat zombies (D:4)
  6 endoplasms
  4 giant cockroaches
  3 gnoll zombies (Ossuary)
  9 goblins
  10 hobgoblins
  9 jackals
  9 kobolds
  2 quokkas
  A training dummy (D:6)
  3 bats
  6 frilled lizards
  3 hobgoblin zombies (Ossuary)
  2 orc zombies (Ossuary)
  5 rats
  3 rat zombies (D:4)
186 creatures vanquished.

Vanquished Creatures (collateral kills)
  A basilisk (D:9)
  An ice beast (D:6)
  A bullfrog (D:7)
  4 wights (D:9)
  2 orc priests (D:9)
  2 gnolls (D:6)
  An adder (D:5)
  6 orcs
  An endoplasm (D:2)
  2 goblins
  A jackal (D:5)
  2 training dummies (D:6)
  A ball python (D:1)
  A bat (D:1)
26 creatures vanquished.

Vanquished Creatures (others)
  A two-headed ogre zombie (D:9)
  A wyvern zombie (D:9)
  A yak zombie (D:9)
  A centaur zombie (D:9)
  2 black bear zombies
  A basilisk zombie (D:9)
  2 killer bee zombies (D:7)
  A howler monkey zombie (D:9)
  2 steam dragon zombies
  A hobgoblin (D:9)
  A frilled lizard (D:9)
  A hobgoblin zombie (D:4)
  3 jackal zombies (D:5)
  5 orc zombies
23 creatures vanquished.

Grand Total: 235 creatures vanquished

Notes
Turn   | Place    | Note
-------+----------+-------------------------------------------
     0 | D:1      | Crownlay the Demonspawn Necromancer began the quest for the
                  | Orb.
     0 | D:1      | Reached XP level 1. HP: 13/13 MP: 3/3
   163 | D:1      | Gained mutation: You are partially covered in sharp spines.
                  | [demonic ancestry]
   163 | D:1      | Reached XP level 2. HP: 19/19 MP: 1/5
   240 | D:1      | Reached skill level 5 in Necromancy
   896 | D:1      | Gained mutation: You have a pair of small horns on your
                  | head. [demonic ancestry]
   896 | D:1      | Reached XP level 3. HP: 24/24 MP: 3/6
  1410 | D:2      | Reached skill level 6 in Necromancy
  1761 | D:2      | Gained mutation: You are partially covered in slimy green
                  | scales. (AC +2) [demonic ancestry]
  1761 | D:2      | Reached XP level 4. HP: 30/30 MP: 3/7
  2064 | D:2      | Found a runed translucent door.
  2065 | D:2      | Noticed Crazy Yiuf
  2379 | D:3      | Learned a level 2 spell: Sublimation of Blood
  2383 | D:3      | Learned a level 3 spell: Vampiric Draining
  2522 | D:3      | Found Raotiargh's Magic Scroll Boutique.
  2600 | D:3      | Bought a scroll of identify for 22 gold pieces
  2600 | D:3      | Bought a scroll of teleportation for 33 gold pieces
  2600 | D:3      | Bought a scroll of amnesia for 44 gold pieces
  2600 | D:3      | Bought a scroll of identify for 22 gold pieces
  3126 | D:4      | Noticed an ice beast
  3126 | D:4      | Found a staircase to the Ecumenical Temple.
  3160 | D:4      | Found Jariebro's Distillery.
  3167 | D:4      | Reached skill level 7 in Necromancy
  3167 | D:4      | Gained mutation: You have a pair of horns on your head.
                  | [demonic ancestry]
  3167 | D:4      | Reached XP level 5. HP: 35/35 MP: 3/8
  3167 | D:4      | Found a glowing drain.
  3176 | Sewer    | Entered a sewer
  3222 | Sewer    | Noticed Pargi
  3254 | Sewer    | Killed Pargi
  3638 | D:4      | Found an ancient bone altar of Kikubaaqudgha.
  3647 | D:4      | Became a worshipper of Kikubaaqudgha
  3680 | D:4      | Killed an ice beast
  3681 | D:4      | Reached skill level 8 in Necromancy
  3681 | D:4      | Reached skill level 1 in Transmutations
  3681 | D:4      | Reached XP level 6. HP: 36/41 MP: 1/9
  3785 | D:4      | Noticed Eustachio
  3792 | D:4      | Killed Eustachio
  3804 | D:4      | Noticed a fire elemental
  3814 | D:4      | Reached XP level 7. HP: 13/46 MP: 2/12
  4034 | D:4      | Learned a level 4 spell: Animate Dead
  4036 | D:4      | Found a stormy altar of Qazlal.
  4040 | D:4      | Noticed a water elemental
  4044 | D:4      | Noticed an air elemental
  4063 | D:4      | Noticed Sigmund
  4160 | D:4      | Found a hazy altar of Hepliaklqana.
  4348 | D:4      | Killed Sigmund
  4413 | D:4      | Reached * piety under Kikubaaqudgha
  4413 | D:4      | Received a gift from Kikubaaqudgha
  4612 | D:5      | Entered Level 5 of the Dungeon
  4624 | D:5      | Found a broken altar of Ashenzari.
  4651 | D:5      | Found a shadowy altar of Dithmenos.
  4664 | D:5      | Found a sparkling altar of Nemelex Xobeh.
  4990 | D:5      | Reached skill level 1 in Fighting
  5011 | D:5      | Found an iron altar of Okawaru.
  5090 | D:5      | Noticed Pikel
  5103 | D:5      | Killed Pikel
  5104 | D:5      | Gained mutation: You are mostly covered in slimy green
                  | scales. (AC +3) [demonic ancestry]
  5104 | D:5      | Reached XP level 8. HP: 45/57 MP: 1/15
  5779 | D:3      | Bought a scroll of enchant weapon for 82 gold pieces
  5779 | D:3      | Bought a scroll of identify for 22 gold pieces
  5890 | D:6      | Reached skill level 5 in Spellcasting
  6227 | D:6      | Found a runed translucent door.
  6231 | D:6      | Noticed funkygono's ghost (novice GrFE)
  6235 | D:6      | Found Doxkan's Firing Range.
  6405 | D:6      | Reached skill level 9 in Necromancy
  6451 | D:6      | Reached ** piety under Kikubaaqudgha
  6633 | D:6      | Learned a level 5 spell: Agony
  6924 | D:2      | Killed Crazy Yiuf
  7144 | D:7      | Gained mutation: You are mostly covered in sharp spines.
                  | [demonic ancestry]
  7144 | D:7      | Reached XP level 9. HP: 30/65 MP: 9/17
  7590 | D:7      | Reached skill level 1 in Conjurations
  7707 | D:7      | Reached skill level 5 in Summonings
  7730 | D:7      | Reached skill level 10 in Necromancy
  8322 | D:7      | Found a hide-covered altar of Uskayaw.
  8605 | D:4      | Bought a potion of haste for 120 gold pieces
  8605 | D:4      | Bought a potion of attraction for 36 gold pieces
  8783 | D:8      | Found a sand-covered staircase.
  8793 | Ossuary  | Entered an ossuary
  8826 | Ossuary  | Learned a level 2 spell: Wereblood
  9064 | D:8      | Reached *** piety under Kikubaaqudgha
  9064 | D:8      | Received a gift from Kikubaaqudgha
  9180 | D:4      | Bought a potion of invisibility for 96 gold pieces
  9180 | D:4      | Bought a potion of ambrosia for 96 gold pieces
  9522 | D:8      | Found a radiant altar of Vehumet.
  9613 | D:8      | Reached skill level 1 in Earth Magic
  9770 | D:8      | Gained mutation: You have a pair of large horns on your
                  | head. [demonic ancestry]
  9770 | D:8      | Reached XP level 10. HP: 64/71 MP: 9/19
  9907 | D:8      | Identified a scroll of acquirement
  9925 | D:9      | Found a staircase to the Lair.
  9931 | D:9      | Reached skill level 11 in Necromancy
 10005 | D:9      | Noticed Psyche
 10017 | D:9      | Killed Psyche
 10026 | D:9      | Noticed a two-headed ogre
 10135 | D:9      | Killed a two-headed ogre
 10148 | D:9      | Slain by a troll

Illustrated notes

Levels and vault maps discovered:
D:1:      heliophobic_arrival_ceremonial_halls, layout_loops_ring, minivault_14,
          minmay_hexomino_u4
D:2:      layout_loops_ring, uniq_crazy_yiuf_cottage
D:3:      layout_rooms, serial_shops, shop
D:4:      layout_cave_pools, nicolae_qazlal_style_of_elements,
          lemuel_zombie_altar_kikubaaqudgha, minmay_temple_entry_stoned_glass,
          serial_park, serial_park_gazebo [serial_park_minivault_5x5_7],
          serial_park_tiny_1, serial_park_tiny_1, serial_park_tiny_1,
          portal_sewer_entry_d, serial_shops, nicolae_shop_window_shopping,
          uniq_eustachio, uniq_sigmund
D:5:      layout_loops_ring, ashenzari_conservatory_becter, marbit_many_paths,
          nicolae_dithmenos_the_darkroom, mainiacjoe_overflow_brackets,
          uniq_pikel
D:6:      layout_rooms, ebering_ghost_sewer_d, minmay_hedge_maze,
          nicolae_shop_firing_range
D:7:      minmay_general_purpose_star, layout_loops_ring,
          nicolae_uskayaw_dance_hall, dk_rats_in_the_wall
D:8:      layout_rooms, overflow_temple_1_default, gup_ossuary_entry_pyramid,
          due_unseen_surprise
D:9:      layout_rooms, david_lair_generic, uniq_joseph, uniq_psyche

Skill      XL: |  1  2  3  4  5  6  7  8  9 10 |
---------------+-------------------------------+-----
Necromancy     | 5 6 7 8 9 10 11 | 11.9
Transmutations | 1 2 4 |  4.0
Spellcasting   | 3 4 5 6 |  6.0
Fighting       | 2 3 4 |  4.0
Summonings     | 2 3 6 |  6.0
Conjurations   | 2 3 |  3.8
Earth Magic    | 1 3 |  3.0
Dodging        | |  1.7
Stealth        | |  1.7

Action                   |  1- 3 |  4- 6 |  7- 9 | 10-12 || total
-------------------------+-------+-------+-------+-------++-------
Melee: Club              |     3 |       |       |       ||     3
       Spear             |     6 |    26 |   131 |    14 ||   177
       Headbutt          |       |     5 |    23 |     4 ||    32
       Trident           |       |       |       |    13 ||    13
 Cast: Necrotise         |    73 |    67 |   189 |    17 ||   346
       Sublimation of Bl |       |     4 |     1 |       ||     5
       Vampiric Draining |       |     5 |    11 |     3 ||    19
       Animate Dead      |       |       |    15 |     2 ||    17
       Wereblood         |       |       |     1 |     1 ||     2
Invok: Unearth Wretches  |       |       |       |     1 ||     1
Evoke: Wand              |       |     4 |       |       ||     4
       Phantom mirror    |       |     1 |       |       ||     1
  Use: Scroll            |       |     4 |     9 |     5 ||    18
 Stab: Sleeping          |       |     1 |     1 |       ||     2
Armor: Robe              |    15 |     4 |    37 |    13 ||    69
Dodge: Dodged            |    22 |    37 |    93 |    24 ||   176

Table legend: (Time is in decaauts)
 A = Elapsed time spent in this place.
 B = Non-inter-level travel time spent in this place.
 C = Inter-level travel time spent in this place.
 D = Time resting spent in this place.
 E = Time spent auto-exploring this place.
 F = Levels seen in this place.
 G = Mean time per level.
                   A        B        C        D        E       F      G
               +--------+--------+--------+--------+--------+-----+--------+
         Total |  10187 |   9019 |   1168 |    327 |   6834 |  11 |  926.1 |
       Dungeon |   9744 |   8576 |   1168 |    327 |   6588 |   9 | 1082.7 |
         Sewer |    192 |    192 |      0 |      0 |    110 |   1 |  192.0 |
       Ossuary |    250 |    250 |      0 |      0 |    136 |   1 |  250.0 |
               +--------+--------+--------+--------+--------+-----+--------+

Top non-repeatable levels by time:
     D:4: 1612 daAuts
     D:2: 1449 daAuts
     D:7: 1345 daAuts
     D:5: 1200 daAuts
     D:6: 1150 daAuts
     D:1: 1087 daAuts
     D:3: 914 daAuts
     D:8: 756 daAuts
 Ossuary: 250 daAuts
     D:9: 229 daAuts
   Sewer: 192 daAuts
